[Event "Titled Tuesday Blitz May 17 Early 2022"]
[White "Demchenko, Anton"]
[Black "Guz, Ari"]
[WhiteFideId "4160258"]
[BlackFideId "2825759"]
[WhiteElo "2539"]
[BlackElo "1913"]
[Result "1-0"]
[Round "02"]
[TimeControl "180+1"]
[Date "2022.05.17"]
[WhiteClock "0:02:22"]
[BlackClock "0:01:10"]

1. e4 c5 2. Nf3 e6 3. d4 cxd4 4. Nxd4 a6 5. Bd3 Nc6 6. Nxc6 bxc6 7. e5 Qc7 8. Qe2 d5 9. exd6 Bxd6 10. Nd2 Nf6 11. Nc4 Be7 12. O-O O-O 13. Bd2 c5 14. Ba5 Qc6 15. Ne5 Qe8 16. c4 Bb7 17. Rfe1 Bd8 18. Bc3 Bc7 19. Qe3 Qe7 20. Qh3 h6 21. Re3 Nh7 22. f4 Kh8 23. Qxh6 1-0


[Site "https://www.chess.com"]

[Event "Titled Tuesday Blitz May 17 Early 2022"]
[White "Dubov, Daniil"]
[Black "Seemann, Jakub"]
[WhiteFideId "24126055"]
[BlackFideId "21874697"]
[WhiteElo "2791"]
[BlackElo "2003"]
[Result "1-0"]
[Round "02"]
[TimeControl "180+1"]
[Date "2022.05.17"]
[WhiteClock "0:00:52"]
[BlackClock "0:00:14"]

1. d4 d5 2. c4 c6 3. Nf3 Nf6 4. Nc3 e6 5. g3 dxc4 6. Bg2 Nbd7 7. O-O b5 8. e4 b4 9. e5 Nd5 10. Ne4 h6 11. Re1 Be7 12. Nfd2 N7b6 13. Qg4 g6 14. Bf1 Ba6 15. b3 Nc3 16. bxc4 O-O 17. a3 Nxe4 18. Qxe4 Bb7 19. c5 Nd5 20. axb4 Nxb4 21. Nc4 Kg7 22. Bd2 Nd5 23. Nd6 Bxd6 24. exd6 a5 25. Reb1 Ba6 26. Bxa5 Qd7 27. Bd2 Bxf1 28. Kxf1 Rfb8 29. Kg2 Rxa1 30. Bxh6+ Kxh6 31. Qh4+ Kg7 32. Rxb8 1-0


[Site "https://www.chess.com"]

[Event "Titled Tuesday Blitz May 17 Early 2022"]
[White "Durarbayli, Vasif"]
[Black "Hnydiuk, Aleksander"]
[WhiteFideId "13402935"]
[BlackFideId "1109057"]
[WhiteElo "2528"]
[BlackElo "2374"]
[Result "0-1"]
[Round "02"]
[TimeControl "180+1"]
[Date "2022.05.17"]
[WhiteClock "0:00:08"]
[BlackClock "0:00:04"]

1. d4 Nf6 2. c4 g6 3. Nc3 d5 4. cxd5 Nxd5 5. e4 Nxc3 6. bxc3 Bg7 7. Be3 c5 8. Nf3 O-O 9. Be2 Bg4 10. O-O Qa5 11. Rb1 Nc6 12. d5 Bxf3 13. gxf3 Ne5 14. f4 Nd7 15. Rxb7 Nf6 16. Rxe7 Rfe8 17. Rxe8+ Rxe8 18. e5 Ne4 19. c4 Qxa2 20. Bf3 Qxc4 21. d6 g5 22. Re1 gxf4 23. Qc1 fxe3 24. Qxe3 Nxd6 25. Rc1 Qb4 26. Rxc5 Nf5 27. Qc1 Nd4 28. Bh5 Nb3 29. Rc4 Nxc1 30. Rxb4 Rxe5 31. Rb8+ Bf8 32. Bf3 Ne2+ 33. Kf1 Nd4 34. Bg4 a5 35. Rb7 h5 36. Bd1 Be7 37. f4 Re4 38. Bxh5 Rxf4+ 39. Kg2 Bf8 40. Ra7 Rf5 41. Bg4 Rg5 42. Kh3 Kg7 43. Kh4 Rc5 44. Bh5 Nf5+ 45. Kh3 Nd6 46. Be2 Rc3+ 47. Kg4 Re3 48. Bf1 Re5 49. Kf4 Rc5 50. Bd3 Rc3 51. Be2 Ra3 52. h4 a4 53. h5 Ra2 54. Bd3 a3 55. Kg5 Rg2+ 56. Kf4 a2 57. Kf3 Rd2 58. Ke3 Rb2 59. Kd4 Kh6 60. Kc3 Bg7# 0-1


[Site "https://www.chess.com"]

[Event "Titled Tuesday Blitz May 17 Early 2022"]
[White "Gallego Alcaraz, Andres Felipe"]
[Black "Sarana, Alexey"]
[WhiteFideId "4402669"]
[BlackFideId "24133795"]
[WhiteElo "2340"]
[BlackElo "2666"]
[Result "1-0"]
[Round "02"]
[TimeControl "180+1"]
[Date "2022.05.17"]
[WhiteClock "0:00:09"]
[BlackClock "0:00:08"]

1. d4 Nf6 2. c4 e6 3. Nf3 d5 4. g3 Bb4+ 5. Bd2 Bd6 6. Bg2 Nbd7 7. Qc2 Ne4 8. O-O O-O 9. Bc1 c6 10. b3 b6 11. Nc3 Nxc3 12. Qxc3 Ba6 13. Nd2 c5 14. cxd5 cxd4 15. Qxd4 Be5 16. Qe3 Bxa1 17. dxe6 fxe6 18. Bxa8 Qxa8 19. Ba3 Bf6 20. Bxf8 Nxf8 21. Ne4 Be7 22. Rd1 Qc6 23. f3 h6 24. Kg2 Qb5 25. Rd2 Qe5 26. Qc3 Qb8 27. Rc2 Bd8 28. Qd4 Bb7 29. Nd6 Bd5 30. Nf5 Bf6 31. Qd3 Nd7 32. Ne3 Ne5 33. Qd2 Bb7 34. Nc4 Nxc4 35. Rxc4 Bd5 36. Rc2 Qe8 37. e4 Bb7 38. Rc7 Ba6 39. Rxa7 Qb5 40. Qd1 Kh7 41. Rd7 Qc6 42. Rd2 Qc3 43. Qc2 Qxc2 44. Rxc2 Bd4 45. Rd2 e5 46. Rc2 Bd3 47. Rc7 Kg6 48. Rc6+ Kf7 49. Rc7+ Kf6 50. Rc6+ Kf7 51. Rc7+ Kg6 52. Rc6+ Kh7 53. h4 h5 54. a4 Kg8 55. b4 Kf7 56. a5 bxa5 57. bxa5 Ke7 58. Rc7+ Kd6 59. Rxg7 Kc5 60. Rg5 Kb5 61. Rxh5 Kxa5 62. Rg5 Kb4 63. h5 Be3 64. Rxe5 Kc3 65. Re6 Bc4 66. Rc6 Kb4 67. h6 Kb5 68. Rf6 Bd4 69. Rf5+ Kc6 70. h7 Kd7 71. Rf8 Ke7 72. h8=Q 1-0


[Site "https://www.chess.com"]

[Event "Titled Tuesday Blitz May 17 Early 2022"]
[White "Goltsev, Dmitry"]
[Black "Xiong, Jeffery"]
[WhiteFideId "24176710"]
[BlackFideId "2047640"]
[WhiteElo "2258"]
[BlackElo "2727"]
[Result "0-1"]
[Round "02"]
[TimeControl "180+1"]
[Date "2022.05.17"]
[WhiteClock "0:02:06"]
[BlackClock "0:01:47"]

1. e4 c5 2. Nf3 d6 3. d4 cxd4 4. Nxd4 Nf6 5. Nc3 a6 6. Bg5 e6 7. Qd2 h6 8. Bxf6 Qxf6 9. O-O-O Nc6 10. Nb3 g5 11. h4 Rg8 12. hxg5 hxg5 13. g3 Bd7 14. Bg2 O-O-O 15. Na4 Kb8 16. Nb6 Be8 17. Na5 Nxa5 18. Qxa5 Qxf2 19. Rd2 Qxg3 20. Rh3 Qe1+ 0-1


[Site "https://www.chess.com"]

[Event "Titled Tuesday Blitz May 17 Early 2022"]
[White "Indjic, Aleksandar"]
[Black "Perez Gormaz, Matias"]
[WhiteFideId "911925"]
[BlackFideId "3406342"]
[WhiteElo "2616"]
[BlackElo "2341"]
[Result "1-0"]
[Round "02"]
[TimeControl "180+1"]
[Date "2022.05.17"]
[WhiteClock "0:00:31"]
[BlackClock "0:00:01"]

1. e4 d5 2. exd5 Qxd5 3. Nc3 Qd8 4. d4 Nf6 5. Nf3 Bf5 6. h3 e6 7. g4 Bg6 8. Ne5 Nbd7 9. Nxg6 hxg6 10. Bg2 c6 11. O-O Bd6 12. Re1 O-O 13. Ne2 e5 14. c3 Re8 15. Be3 Qc7 16. Qc2 Nd5 17. Bd2 exd4 18. Nxd4 Bc5 19. Qd3 Ne5 20. Qg3 Nc4 21. Qxc7 Nxc7 22. Bf4 Nd5 23. Bxd5 cxd5 24. b3 Nb6 25. Be3 Rac8 26. Rac1 Nd7 27. Kg2 Ne5 28. Red1 Nd7 29. Nc2 Re5 30. Bxc5 Rxc5 31. Nb4 Re2 32. Nxd5 Ne5 33. a4 g5 34. Kg3 Ng6 35. Rd4 Rb2 36. b4 Rc6 37. Re1 Re6 38. Rxe6 fxe6 39. Nc7 Nf4 40. Re4 Rc2 41. Re3 Rc1 42. h4 Rg1+ 43. Kf3 Ng2 44. Rxe6 Nxh4+ 45. Ke4 Rxg4+ 46. Kd5 Rf4 47. Re2 Ng6 48. Ne6 Rf6 49. a5 g4 50. Rd2 Rf3 51. c4 Rf5+ 52. Kd6 Rf6 53. Kd5 Ne7+ 54. Ke5 Nc6+ 55. Kd6 Nxb4 56. Kd7 Nc6 57. Rd5 Nb4 58. Rg5 Nc6 59. Rxg7+ Kh8 60. Rg5 Rxf2 61. a6 Nb8+ 62. Ke7 Nxa6 63. Nd8 Kh7 64. Nf7 g3 65. Kf8 Nc7 66. Rg7# 1-0


[Site "https://www.chess.com"]

[Event "Titled Tuesday Blitz May 17 Early 2022"]
[White "Jain Kashish Manoj"]
[Black "Neiksans, Arturs"]
[WhiteFideId "35081098"]
[BlackFideId "11601388"]
[WhiteElo "1681"]
[BlackElo "2447"]
[Result "0-1"]
[Round "02"]
[TimeControl "180+1"]
[Date "2022.05.17"]
[WhiteClock "0:00:56"]
[BlackClock "0:02:48"]

1. e4 c5 2. Nf3 e6 3. d4 cxd4 4. Nxd4 a6 5. Nc3 b5 6. Bd3 Bb7 7. O-O Nc6 8. Nxc6 Bxc6 9. Re1 Qb8 10. Qg4 Nf6 11. Qg3 Qxg3 12. hxg3 Ng4 13. Be2 h5 14. f3 Bc5+ 0-1


[Site "https://www.chess.com"]

[Event "Titled Tuesday Blitz May 17 Early 2022"]
[White "Jakubowski, Krzysztof"]
[Black "Visakh N R"]
[WhiteFideId "1112848"]
[BlackFideId "25012223"]
[WhiteElo "2365"]
[BlackElo "2448"]
[Result "0-1"]
[Round "02"]
[TimeControl "180+1"]
[Date "2022.05.17"]
[WhiteClock "0:00:01"]
[BlackClock "0:00:05"]

1. e4 c5 2. Nf3 d6 3. d4 cxd4 4. Nxd4 Nf6 5. Nc3 a6 6. Be3 e5 7. Nb3 Be7 8. h3 O-O 9. Qf3 Be6 10. O-O-O Nbd7 11. g4 Rc8 12. g5 Ne8 13. h4 Rxc3 14. bxc3 Nb6 15. Bh3 Na4 16. g6 Nxc3 17. gxh7+ Kh8 18. Rdg1 Qc8 19. Bg5 Nf6 20. Bxe6 fxe6 21. Qg2 d5 22. Bh6 Ba3+ 23. Kd2 Ncxe4+ 24. Kd1 Nxf2+ 25. Qxf2 gxh6 26. Qg3 Qc7 27. Rf1 Rc8 28. Rh2 Ne4 29. Qg6 Qg7 30. Qxg7+ Kxg7 31. Rg2+ Kxh7 32. Rf7+ Kh8 33. Rgg7 Bf8 34. Rg6 Nd6 35. Rd7 Nf5 36. Rxe6 e4 37. Rf6 Ne3+ 38. Kd2 Nc4+ 39. Ke1 Bb4+ 40. Ke2 Ne5 41. Rxb7 Rxc2+ 42. Kd1 Rc4 0-1


[Site "https://www.chess.com"]

[Event "Titled Tuesday Blitz May 17 Early 2022"]
[White "Jaracz, Pawel"]
[Black "Oparin, Grigoriy"]
[WhiteFideId "1102222"]
[BlackFideId "24125890"]
[WhiteElo "2429"]
[BlackElo "2665"]
[Result "0-1"]
[Round "02"]
[TimeControl "180+1"]
[Date "2022.05.17"]
[WhiteClock "0:01:35"]
[BlackClock "0:01:30"]

1. e4 c5 2. Nf3 d6 3. Bb5+ Nd7 4. d4 cxd4 5. Qxd4 a6 6. Bxd7+ Bxd7 7. O-O h6 8. a4 Nf6 9. a5 e5 10. Qd3 b5 11. axb6 Qxb6 12. Nc3 Be7 13. Nd2 O-O 14. Nc4 Qc6 15. Ne3 Rfc8 16. Ncd5 Nxd5 17. Nxd5 Bd8 18. c3 a5 19. Be3 Qc4 20. Qxc4 Rxc4 21. f3 Rb8 22. Ra2 f5 23. exf5 Bxf5 24. Rd1 Be6 25. Bc1 Rc5 26. c4 Rxc4 27. Ra1 Rd4 28. Rxd4 exd4 29. Nf4 Bc4 30. Bd2 Rxb2 31. Bxa5 Bg5 32. Nh3 Be3+ 33. Kh1 d3 34. Bc3 Rc2 0-1


[Site "https://www.chess.com"]

[Event "Titled Tuesday Blitz May 17 Early 2022"]
[White "Jeet, Jain"]
[Black "Drygalov, Sergey"]
[WhiteFideId "5073022"]
[BlackFideId "24171743"]
[WhiteElo "2028"]
[BlackElo "2514"]
[Result "0-1"]
[Round "02"]
[TimeControl "180+1"]
[Date "2022.05.17"]
[WhiteClock "0:00:13"]
[BlackClock "0:00:21"]

1. c4 e5 2. d3 Nf6 3. Nf3 Nc6 4. Nc3 g6 5. g3 Bg7 6. Bg2 O-O 7. O-O d6 8. Rb1 Re8 9. b4 a6 10. a4 e4 11. dxe4 Nxe4 12. Nxe4 Rxe4 13. Nd2 Re8 14. b5 axb5 15. axb5 Ne5 16. Bb2 Bf5 17. e4 Be6 18. Qb3 c6 19. f4 Qb6+ 20. Kh1 Ng4 21. Bxg7 Kxg7 22. bxc6 Nf2+ 23. Rxf2 Qxf2 24. cxb7 Qxd2 25. bxa8=Q Rxa8 26. Rd1 Qe2 27. Bf1 Qf2 28. Qc3+ Kg8 29. Qd4 Qf3+ 30. Bg2 Qe2 31. Bf1 Qc2 32. Qd2 Qb3 33. Qxd6 Bg4 34. Rd2 Qe3 35. Qd4 Bf3+ 36. Bg2 Qxd4 37. Rxd4 Ra1+ 0-1


[Site "https://www.chess.com"]

[Event "Titled Tuesday Blitz May 17 Early 2022"]
[White "Karolczuk, Iwo"]
[Black "Abdusattorov, Nodirbek"]
[WhiteFideId "21816972"]
[BlackFideId "14204118"]
[WhiteElo "2258"]
[BlackElo "2663"]
[Result "0-1"]
[Round "02"]
[TimeControl "180+1"]
[Date "2022.05.17"]
[WhiteClock "0:00:02"]
[BlackClock "0:00:36"]

1. d4 Nf6 2. Nf3 g6 3. c3 Bg7 4. Bf4 O-O 5. e3 d6 6. h3 Nfd7 7. Be2 e5 8. Bh2 Nc6 9. O-O Qe7 10. b4 h5 11. b5 Nd8 12. c4 Ne6 13. Nc3 f5 14. Re1 e4 15. Nd2 Nf6 16. Qb3 Kh7 17. Nd5 Qf7 18. Rac1 h4 19. Nxf6+ Bxf6 20. c5 dxc5 21. d5 Ng7 22. Rxc5 Ne8 23. Rec1 Bd8 24. d6 Be6 25. Bc4 Bxc4 26. Nxc4 cxd6 27. Nxd6 Qxb3 28. axb3 Nxd6 29. Bxd6 Rf7 30. Rc8 Rxc8 31. Rxc8 Rd7 32. Be5 g5 33. Bd4 b6 34. Kf1 f4 35. Ke2 Kg6 36. Rc6+ Kf5 37. Rc8 g4 38. Rc6 gxh3 39. gxh3 f3+ 40. Kd2 Rd5 41. Kc3 Rxb5 42. Kc4 Ra5 43. Rc8 Bg5 44. Rf8+ Ke6 45. Re8+ Kf5 46. Rf8+ Kg6 47. Re8 Kf7 48. Rxe4 Ra2 49. Rg4 Kg6 50. e4 Kh5 51. e5 Re2 52. Kd5 Kg6 53. e6 Kf5 54. b4 a5 55. b5 a4 56. Rxg5+ Kxg5 57. Be5 Kg6 58. Kd6 a3 59. Kd7 Rxe5 0-1


[Site "https://www.chess.com"]

[Event "Titled Tuesday Blitz May 17 Early 2022"]
[White "Khripachenko, Alexander"]
[Black "Chigaev, Maksim"]
[WhiteFideId "54184975"]
[BlackFideId "4108116"]
[WhiteElo "2138"]
[BlackElo "2457"]
[Result "0-1"]
[Round "02"]
[TimeControl "180+1"]
[Date "2022.05.17"]
[WhiteClock "0:00:09"]
[BlackClock "0:00:07"]

1. e4 e5 2. Nf3 Nc6 3. Nc3 Nf6 4. d4 exd4 5. Nxd4 Nxe4 6. Nxe4 Qe7 7. f3 d5 8. Bb5 Bd7 9. Bxc6 bxc6 10. O-O dxe4 11. Re1 O-O-O 12. Rxe4 Qf6 13. Qe2 c5 14. Nb5 Qb6 15. a4 a6 16. Na3 Bc6 17. Nc4 Qa7 18. Rg4 h5 19. Rf4 f6 20. Be3 Re8 21. Qf2 Bd5 22. Rd1 Qb7 23. Na5 Qxb2 24. h4 Qe5 25. Bd2 Bd6 26. Qf1 Qe2 27. Rf5 Qxf1+ 28. Kxf1 Be6 29. Rf4 Bxf4 30. Bxf4 Rd8 31. Rb1 Rd4 32. g3 Rb4 33. Re1 Bd5 34. Re7 Rxf4 35. gxf4 Bxf3 36. Nb3 g5 37. fxg5 fxg5 38. hxg5 h4 39. Kg1 h3 40. Kh2 Bg4 41. g6 Rg8 42. g7 Kd8 43. Rf7 Be6 44. Rf8+ Ke7 45. Nxc5 Rxg7 46. Nxe6 Kxe6 47. Kxh3 Rg5 48. Ra8 a5 49. Kh4 Rc5 50. Kg4 Kd5 51. Kf4 Kd4 52. Kf3 Kc3 53. Ke4 c6 54. Ra6 Kb4 55. Kd3 Rc3+ 56. Kd2 Rc4 57. Kd3 Rc3+ 58. Kd2 Rc5 59. Kd3 Kxa4 60. Rb6 Ka3 61. c4 a4 62. Kd4 Ra5 63. Rxc6 Kb3 64. Rb6+ Kc2 65. c5 a3 66. Rh6 a2 67. Rh2+ Kb3 68. Rh1 a1=Q+ 69. Rxa1 Rxa1 70. c6 Rc1 71. Kd5 Kb4 72. Kd6 Kb5 73. c7 Kb6 0-1


[Site "https://www.chess.com"]

[Event "Titled Tuesday Blitz May 17 Early 2022"]
[White "Kowalczyk, Pawel"]
[Black "Bortnyk, Olexandr"]
[WhiteFideId "1130641"]
[BlackFideId "14120828"]
[WhiteElo "2344"]
[BlackElo "2723"]
[Result "0-1"]
[Round "02"]
[TimeControl "180+1"]
[Date "2022.05.17"]
[WhiteClock "0:00:04"]
[BlackClock "0:00:09"]

1. e4 Nf6 2. e5 Nd5 3. Nf3 d6 4. Bc4 Nb6 5. Bb3 c5 6. c3 c4 7. Bxc4 Nxc4 8. Qa4+ Nc6 9. Qxc4 dxe5 10. O-O Bf5 11. Re1 Bd3 12. Qa4 f6 13. b4 b5 14. Qd1 Qd5 15. a4 bxa4 16. Qxa4 g5 17. c4 Qxc4 18. Na3 Qd5 19. b5 Nd4 20. b6+ Qc6 21. Qxc6+ Nxc6 22. Re3 e4 23. Ne1 axb6 24. Nxd3 exd3 25. Bb2 e5 26. Rxd3 Bc5 27. Nc4 Rxa1+ 28. Bxa1 Ke7 29. Ne3 Ra8 30. Bc3 e4 31. Nd5+ Kd6 32. Nxb6+ exd3 33. Nxa8 Nd4 34. Kf1 Kc6 35. Ba5 Ne6 36. Bc3 f5 37. h3 Kb7 38. g4 fxg4 39. hxg4 Kxa8 40. Kg2 Nd4 41. Bxd4 Bxd4 42. Kf3 Kb7 43. Ke4 Bxf2 44. Kxd3 Kc6 45. Ke4 Be1 46. d4 Bd2 47. Ke5 Kd7 48. d5 Bf4+ 49. Ke4 Kd6 50. Kd4 h6 51. Ke4 Be5 0-1


[Site "https://www.chess.com"]

[Event "Titled Tuesday Blitz May 17 Early 2022"]
[White "Kozak, Adam"]
[Black "Djokic, Mihailo"]
[WhiteFideId "753246"]
[BlackFideId "976440"]
[WhiteElo "2459"]
[BlackElo "2202"]
[Result "1-0"]
[Round "02"]
[TimeControl "180+1"]
[Date "2022.05.17"]
[WhiteClock "0:00:17"]
[BlackClock "0:00:01"]

1. Nf3 Nf6 2. b3 g6 3. Bb2 Bg7 4. g3 O-O 5. Bg2 d6 6. d4 e5 7. dxe5 Nfd7 8. Nc3 dxe5 9. Qd2 e4 10. Nd4 Re8 11. O-O-O f5 12. g4 Ne5 13. gxf5 gxf5 14. Bh3 Ng4 15. Rhg1 Qh4 16. Bxg4 fxg4 17. Nd5 Na6 18. h3 Rd8 19. Qa5 Qg5+ 20. Kb1 Qxd5 21. Qe1 c5 22. e3 cxd4 23. Bxd4 Be6 24. Qe2 Bxd4 25. Rxd4 Qf5 26. Ra4 Qf3 27. Qb5 Rd1+ 28. Rxd1 Qxd1+ 29. Kb2 Rc8 30. Qg5+ Kf7 31. Qh5+ Kf6 32. Qh6+ Ke7 33. Qxh7+ Kd6 34. Rd4+ Qxd4+ 35. exd4 gxh3 36. Qxb7 Nc7 37. Qb4+ Kd7 38. Qa4+ Ke7 39. Qb4+ Kf7 40. Qd6 Nd5 41. c4 Nf6 42. d5 Bf5 43. Qf4 Bg4 44. Qh6 Rg8 45. Qh4 Rg7 46. Qg3 Bf5 47. Qc7+ Kg6 48. Qg3+ Kh7 49. Qh4+ Kg6 50. Qg3+ Bg4 51. d6 Rh7 52. Qh2 Kf5 53. c5 Bf3 54. c6 Ng4 55. Qg3 h2 56. d7 h1=Q 57. d8=Q Qd1 58. Qxd1 Bxd1 59. c7 Rh8 60. Qd6 1-0


[Site "https://www.chess.com"]

[Event "Titled Tuesday Blitz May 17 Early 2022"]
[White "Kucuksari, Kaan"]
[Black "Vokhidov, Shamsiddin"]
[WhiteFideId "6380166"]
[BlackFideId "14204223"]
[WhiteElo "2305"]
[BlackElo "2611"]
[Result "0-1"]
[Round "02"]
[TimeControl "180+1"]
[Date "2022.05.17"]
[WhiteClock "0:00:49"]
[BlackClock "0:02:03"]

1. d4 Nf6 2. c4 e6 3. g3 c5 4. d5 exd5 5. cxd5 d6 6. Nc3 g6 7. Bg2 Bg7 8. Nf3 O-O 9. O-O Re8 10. Bf4 Bf5 11. Rc1 Ne4 12. Nh4 Nxc3 13. Rxc3 Bg4 14. Re3 Rxe3 15. Bxe3 Qe7 16. h3 Bd7 17. Nf3 Na6 18. Nd2 Re8 19. Ne4 Bxh3 20. Nxd6 Qxd6 21. Bxh3 Rxe3 22. fxe3 Qxg3+ 23. Bg2 Qxe3+ 24. Rf2 Bd4 25. Qe1 Nb4 26. d6 Nd3 27. d7 Nxe1 28. d8=Q+ Kg7 29. Qh4 g5 0-1


[Site "https://www.chess.com"]

[Event "Titled Tuesday Blitz May 17 Early 2022"]
[White "Liyanage, Ranindu Dilshan"]
[Black "Antipov, Mikhail Al."]
[WhiteFideId "9915834"]
[BlackFideId "4107012"]
[WhiteElo "1858"]
[BlackElo "2512"]
[Result "1-0"]
[Round "02"]
[TimeControl "180+1"]
[Date "2022.05.17"]
[WhiteClock "0:00:15"]
[BlackClock "0:00:02"]

1. e4 e6 2. d4 d5 3. Nc3 Bb4 4. exd5 exd5 5. Bd3 Ne7 6. Ne2 c6 7. a3 Bd6 8. O-O O-O 9. Ng3 Nd7 10. Qh5 Nf6 11. Qg5 h6 12. Qd2 Re8 13. Re1 Be6 14. Qd1 Qd7 15. h3 Bxh3 16. gxh3 Qxh3 17. Qf3 Nf5 18. Rxe8+ Rxe8 19. Nce2 Nxd4 20. Nxd4 Re1+ 21. Bf1 c5 22. Qf5 Qh4 23. Nf3 1-0


[Site "https://www.chess.com"]

[Event "Titled Tuesday Blitz May 17 Early 2022"]
[White "Lodici, Lorenzo"]
[Black "Ciorgovean, Iustin"]
[WhiteFideId "884189"]
[BlackFideId "1242911"]
[WhiteElo "2265"]
[BlackElo "2075"]
[Result "1-0"]
[Round "02"]
[TimeControl "180+1"]
[Date "2022.05.17"]
[WhiteClock "0:01:28"]
[BlackClock "0:00:48"]

1. c4 Nf6 2. Nc3 e5 3. Nf3 Nc6 4. e3 Bb4 5. Qc2 Bxc3 6. Qxc3 Qe7 7. d4 Ne4 8. Qd3 exd4 9. Nxd4 O-O 10. Be2 Qb4+ 11. Kf1 Qe7 12. f3 Nc5 13. Qc3 f5 14. b3 d6 15. Nxc6 bxc6 16. Bb2 a5 17. Kf2 Bb7 18. Rhe1 Nd7 19. Bf1 c5 20. Kg1 Ne5 21. Qd2 a4 22. Bc3 axb3 23. axb3 Rxa1 24. Bxa1 Ra8 25. Bc3 Bc6 26. Qb2 h6 27. h3 Bxf3 28. Bxe5 Qxe5 29. Qxe5 dxe5 30. gxf3 Ra2 31. Rd1 Rb2 32. Rd5 e4 33. fxe4 fxe4 34. Rxc5 Rxb3 35. Kf2 Rb2+ 36. Be2 1-0


[Site "https://www.chess.com"]

[Event "Titled Tuesday Blitz May 17 Early 2022"]
[White "Martinez Alcantara, Jose Eduardo"]
[Black "Skliarov, Viktor"]
[WhiteFideId "3805662"]
[BlackFideId "14106736"]
[WhiteElo "2690"]
[BlackElo "2229"]
[Result "1-0"]
[Round "02"]
[TimeControl "180+1"]
[Date "2022.05.17"]
[WhiteClock "0:00:59"]
[BlackClock "0:00:06"]

1. e4 c5 2. Nf3 Nc6 3. c3 Nf6 4. Bd3 d5 5. e5 Ng4 6. Bb5 a6 7. Bxc6+ bxc6 8. d3 Qc7 9. Qe2 h5 10. h3 Nh6 11. O-O Bf5 12. Bf4 e6 13. c4 Be7 14. Nc3 Rd8 15. Rad1 d4 16. Ne4 Bxe4 17. dxe4 f5 18. exf6 Qxf4 19. fxe7 Kxe7 20. Ne1 Ng4 21. g3 Qh6 22. Nd3 Nf6 23. e5 Nd7 24. Qe4 Rc8 25. b4 Qh7 26. Qxh7 Rxh7 27. bxc5 g5 28. Rb1 Rc7 29. Rb6 Rf7 30. Kg2 Rf5 31. Re1 g4 32. hxg4 hxg4 33. Rh1 Rf3 34. Nf4 d3 35. Rh7+ Ke8 36. Nxe6 d2 37. Nxc7+ Kd8 38. Rb1 Rd3 39. Rd1 Nxe5 40. Ne6+ Kc8 41. Rc7+ Kb8 42. Rb1+ Ka8 43. Rc8+ Ka7 44. Nc7 d1=Q 45. Ra8# 1-0


[Site "https://www.chess.com"]

[Event "Titled Tuesday Blitz May 17 Early 2022"]
[White "Moksh Amit Doshi"]
[Black "Harsha Bharathakoti"]
[WhiteFideId "25064967"]
[BlackFideId "5078776"]
[WhiteElo "2245"]
[BlackElo "2575"]
[Result "1-0"]
[Round "02"]
[TimeControl "180+1"]
[Date "2022.05.17"]
[WhiteClock "0:00:16"]
[BlackClock "0:00:06"]

1. d4 Nf6 2. c4 c5 3. d5 e6 4. Nc3 exd5 5. cxd5 d6 6. e4 g6 7. Nf3 Bg7 8. h3 O-O 9. Bd3 b5 10. Nxb5 Re8 11. O-O Nxe4 12. Re1 Nf6 13. Rxe8+ Nxe8 14. Bg5 Qb6 15. Qe2 Bd7 16. a4 a6 17. a5 Qb7 18. Nc3 h6 19. Bf4 Qc7 20. Re1 Qd8 21. Nd2 Qxa5 22. Nc4 Qc7 23. Qe3 h5 24. Ne4 Bf8 25. Qg3 Qd8 26. Nexd6 Nxd6 27. Nxd6 Bg7 28. Nxf7 Kxf7 29. Qxg6+ Kg8 30. Bh6 Qf6 31. Qh7+ Kf7 32. Bxg7 Qxg7 33. Re7+ Kxe7 34. Qxg7+ Kd6 35. Qf6+ Kc7 36. Qe5+ Kb6 37. Qd6+ Kb7 38. Qxc5 a5 39. d6 Na6 40. Be4+ 1-0


[Site "https://www.chess.com"]

[Event "Titled Tuesday Blitz May 17 Early 2022"]
[White "Molina, Roberto Junio Brito"]
[Black "Maltsevskaya, Aleksandra"]
[WhiteFideId "2109450"]
[BlackFideId "24174041"]
[WhiteElo "2432"]
[BlackElo "2235"]
[Result "0-1"]
[Round "02"]
[TimeControl "180+1"]
[Date "2022.05.17"]
[WhiteClock "0:00:25"]
[BlackClock "0:00:37"]

1. d4 c5 2. d5 f5 3. Nc3 Nf6 4. g3 g6 5. Bg2 Bg7 6. Nh3 O-O 7. O-O d6 8. a4 Nbd7 9. Nf4 Ne5 10. h4 a6 11. e3 Rb8 12. a5 b5 13. axb6 Qxb6 14. Ra2 Bd7 15. b3 c4 16. Na4 Qb7 17. Ra3 Rfc8 18. Bb2 Ne4 19. Bd4 Qb4 20. Qa1 cxb3 21. cxb3 Nd2 22. Bc3 Rxc3 23. Nxc3 Nef3+ 24. Bxf3 Bxc3 25. Ra4 Qxb3 26. Bd1 Bxa1 27. Bxb3 Bxa4 28. Bxa4 Nxf1 29. Kxf1 a5 30. Nd3 Bc3 31. Ke2 Rb1 32. Bd7 Ra1 33. Nf4 a4 34. Kd3 Be5 35. Ne6 a3 36. Ba4 a2 37. Bb3 Rd1+ 38. Bxd1 a1=Q 39. Bf3 Qf1+ 0-1


[Site "https://www.chess.com"]

[Event "Titled Tuesday Blitz May 17 Early 2022"]
[White "Nakamura, Hikaru"]
[Black "Druska, Juraj"]
[WhiteFideId "2016192"]
[BlackFideId "14915650"]
[WhiteElo "2850"]
[BlackElo "2369"]
[Result "0-1"]
[Round "02"]
[TimeControl "180+1"]
[Date "2022.05.17"]
[WhiteClock "0:01:40"]
[BlackClock "0:00:07"]

1. Nf3 d5 2. e3 c5 3. b3 Nc6 4. Bb5 f6 5. Bxc6+ bxc6 6. d4 cxd4 7. exd4 e6 8. O-O Bd6 9. Ba3 Ne7 10. Re1 O-O 11. c4 a5 12. Bxd6 Qxd6 13. Nc3 Ng6 14. Rc1 Ba6 15. Na4 e5 16. g3 e4 17. Nd2 f5 18. f4 exf3 19. Nxf3 f4 20. g4 Rae8 21. Qd2 Bc8 22. h3 Re3 23. Rc3 Rfe8 24. Qf2 dxc4 25. bxc4 Rxe1+ 26. Nxe1 Qb4 27. Nd3 Qxa4 28. Qd2 Re3 29. a3 Nh4 30. Kf1 Nf3 31. Qc1 c5 32. d5 Qe8 33. Kf2 Re2+ 34. Kf1 Qe4 35. Qxf4 Nh2+ 36. Kg1 Qg2# 0-1


[Site "https://www.chess.com"]

[Event "Titled Tuesday Blitz May 17 Early 2022"]
[White "Papp, Levente"]
[Black "Yilmaz, Mustafa"]
[WhiteFideId "751243"]
[BlackFideId "6302718"]
[WhiteElo "2308"]
[BlackElo "2568"]
[Result "0-1"]
[Round "02"]
[TimeControl "180+1"]
[Date "2022.05.17"]
[WhiteClock "0:00:18"]
[BlackClock "0:00:28"]

1. c4 Nf6 2. Nc3 g6 3. e4 d6 4. g3 e5 5. Bg2 Bg7 6. Nge2 O-O 7. O-O Nbd7 8. d3 c6 9. h3 Nc5 10. b4 Ne6 11. Rb1 a5 12. b5 Nc5 13. Be3 Nfd7 14. Qd2 a4 15. f4 Ne6 16. Rb4 Ndc5 17. bxc6 bxc6 18. Rfb1 Nd4 19. Bf2 Bxh3 20. Nxd4 exd4 21. Bxh3 dxc3 22. Qc2 Re8 23. Bg2 Ne6 24. e5 dxe5 25. Bxc6 exf4 26. Bxa8 fxg3 27. Rb8 gxf2+ 28. Kf1 Qxb8 29. Rxb8 Rxb8 30. Bd5 Rb2 31. Qc1 Nc5 32. Qf4 Rb1+ 0-1


[Site "https://www.chess.com"]

[Event "Titled Tuesday Blitz May 17 Early 2022"]
[White "Paravyan, David"]
[Black "Zavgorodniy, Sergiy"]
[WhiteFideId "4194985"]
[BlackFideId "14110148"]
[WhiteElo "2569"]
[BlackElo "2420"]
[Result "1/2-1/2"]
[Round "02"]
[TimeControl "180+1"]
[Date "2022.05.17"]
[WhiteClock "0:00:04"]
[BlackClock "0:00:04"]

1. e4 e5 2. Nf3 d6 3. d4 exd4 4. Nxd4 Nf6 5. Nc3 Be7 6. Bc4 O-O 7. O-O c6 8. Re1 b5 9. Bb3 a6 10. a3 c5 11. Nf5 Bxf5 12. exf5 c4 13. Ba2 d5 14. Bg5 Nbd7 15. Ne2 Bc5 16. Nf4 Qb6 17. Bh4 d4 18. b3 Bd6 19. Bg3 Qc7 20. Qxd4 Be5 21. Qd2 Bxa1 22. Ne6 Qc6 23. Nxf8 cxb3 24. Rxa1 bxa2 25. Nxd7 Qxd7 26. Qxd7 Nxd7 27. Rxa2 Nb6 28. Ra1 Rc8 29. Rd1 h5 30. Rd6 Rxc2 31. h4 Nc4 32. Rxa6 Ra2 33. Ra8+ Kh7 34. Ra7 f6 35. Rb7 Rxa3 36. Rxb5 Nd2 37. Kh2 Nf1+ 38. Kh3 Nxg3 39. fxg3 Rc3 40. Rd5 Re3 41. Kh2 Re1 42. Rd4 Re5 43. Rf4 Rd5 44. Kh3 Rc5 45. g4 Rc3+ 46. Rf3 Rc1 47. gxh5 Kh6 48. g4 Rh1+ 49. Kg3 Rg1+ 50. Kf4 Rh1 51. Kg3 Rg1+ 52. Kh3 Rh1+ 53. Kg3 1/2-1/2


[Site "https://www.chess.com"]